[Event "*** Titled Tuesday 3|2 Blitz"]
[Site "Chess.com"]
[Date "2014.12.30"]
[Round "8"]
[White "DanielNaroditsky"]
[Black "LuckyTiger"]
[Result "1-0"]
[WhiteElo "2612"]
[BlackElo "2513"]
[TimeControl "180+2"]
[EndTime "12:45:39 PST"]
[Termination "DanielNaroditsky won by resignation"]

1. e4 e6 2. d4 d5 3. Nd2 Nc6 4.
Ngf3 Nf6 5. e5 Nd7 6. Bd3 Nb4 7.
Be2 c5 8. c3 Nc6 9. Bd3 cxd4 10.
cxd4 f6 11. exf6 Nxf6 12. O-O Bd6 13. b3 O-O 14. Bb2 Qe8 15. Re1 Qh5 16. Ne5 Qxd1 17. Raxd1 Bb4 18. a3 Bxd2 19. Rxd2 Nxe5 20. dxe5 Nd7 21.
Rc2 Nb8 22. Rc7 Na6 23. Bxa6 bxa6 24. Rec1 Rb8 25. Bd4 a5 26. h3 h6 27. Rxa7 Rf7 28.
Rxa5 Bd7 29. b4 Bb5 30. a4 Bd3 31. b5 Rf4 32. Be3 Rb4 33. Bc5 Rb3 34. Bd6 Rb7 35. Bc7 d4 36. b6 Be4 37. f3 Bd5 38. Rd1 d3 39. Rc5 Ra3 40. a5 Kf7 41. Kf2 h5 42. h4 Ke7 43. Ke3 d2+ 44. Kxd2 Ra2+ 45. Kc3 Ra3+ 46. Kb2 Ra2+ 47. Kb1 Ra4 48. Bd6+ Kd7 49. Rd2 g6 50. Rdc2 Kd8 51. Rc8+ Kd7 52. R2c7+ Rxc7 53. Rxc7+ Kd8 54. b7 Rb4+ 55. Bxb4 Kxc7 56. a6 Bc4 57. Bd6+ 1-0

[Event "*** Titled Tuesday 3|2 Blitz"]
[Site "Chess.com"]
[Date "2014.12.30"]
[Round "8"]
[White "rhungaski"]
[Black "Yaacovn"]
[Result "1-0"]
[WhiteElo "2420"]
[BlackElo "2577"]
[TimeControl "180+2"]
[EndTime "12:45:43 PST"]
[Termination "rhungaski won by resignation"]

1. Nf3 Nf6 2. c4 b6 3. g3 Bb7 4. Bg2 g6 5. O-O Bg7 6. Nc3 O-O 7. Re1 Ne4 8. Nxe4 Bxe4 9. d3 Bb7 10. e4 c5 11. d4 cxd4 12. Nxd4 Nc6 13. Be3 Nxd4 14.
Bxd4 Bxd4 15. Qxd4 d6 16. b3 Qc7 17. e5 dxe5 18. Qxe5 Qxe5 19. Rxe5 Bxg2 20. Kxg2 e6 21. c5 bxc5 22. Rxc5 Rfd8 23. Rac1 a5 24. R1c4 a4 25. b4 a3 26. b5 Kg7 27. b6 Rab8 28. Rb5 Rd6 29.
b7 Rd7 30. Rcb4 Kf8 31. Rb3 Ke7 32. R5b4 h5 33. h4 f5 34. Rb5 Kf6 35. Kf3 Rc7 36. Rb6 Kf7 37. R3b4 e5 38. R4b5 Rc3+ 39. Kg2 e4 40. Ra5 Rc7 41. Ra7 Kg7 42. Kf1 Kh6 43. Ke2 Rc2+ 44. Ke3 Rc3+ 45. Kd4 Rc7 46. Ke5 Kg7 47.
Kf4 Kh6 48. Raa6 Rbxb7 49. Rxg6+ Kh7 50. Rh6+ Kg7 51. Rag6+ Kf7 52. Kg5 Kf8 53. Rh8+ Kf7 54. Rxh5 f4 55. Rh7+ Kf8 56. Rxc7 Rxc7 57. Rf6+ Kg7 58.
Rxf4 Rc2 59. Rxe4 Rxf2 60. Re7+ Kf8 61. Ra7 Rxa2 62. g4 Ra1 63. h5 a2 64. h6 Kg8 65.
Kg6 1-0

[Event "*** Titled Tuesday 3|2 Blitz"]
[Site "Chess.com"]
[Date "2014.12.30"]
[Round "8"]
[White "chessmachined"]
[Black "gumersindo"]
[Result "0-1"]
[WhiteElo "2137"]
[BlackElo "2122"]
[TimeControl "180+2"]
[EndTime "12:47:36 PST"]
[Termination "gumersindo won by checkmate"]

1. d4 d5 2. c4 c6 3. Nf3 Nf6 4. e3 a6 5. b3 dxc4 6. bxc4 e6 7. Bd3 c5 8. O-O Nc6 9. Bb2 cxd4 10. exd4 Be7 11. a3 O-O 12. Nbd2 b6 13. Ne4 Bb7 14. Ng3 Na5 15. Bc3 Nc6 16. Qb3 Rb8 17. Rab1 Ba8 18. Qa4 Bb7 19. Rfd1 Qc7 20. Be2 Rfd8 21. Ba1 Na5 22. Bc3 Bc6 23. Qc2 Bxa3 24. Ne5 Be8 25. Bd3 Bd6 26. f4 b5 27. c5 Be7 28. Qa2 b4 29.
Bxb4 Nc6 30. Bc3 Nd5 31. Ba1 Nxf4 32. Nxc6 Bxc6 33. Bxa6 Nxg2 34. Qa3 Nf4 35. Qe3 Nh3+ 36. Kf1 Bg5 37. Qe2 Rxb1 38. Rxb1 Rb8 39. Rxb8+ Qxb8 40. Bd3 Qf4+ 41. Ke1 Qc1+ 42. Qd1 Qxd1+ 43. Kxd1 Nf2+ 44.
Ke2 Nxd3 45. Kxd3 Bf4 46. Bc3 f5 47. Be1 g6 48. Bf2 Kf7 49. Kc4 h5 50. h4 Kf6 51.
Kb4 Bd2+ 52. Kc4 f4 53. Nf1 Bc1 54. d5 exd5+ 55. Kb3 Kf5 56. Kc2 Ba3 57. Kb3 Bc1 58. Kc2 Be3 59. Nxe3+ fxe3 60. Bxe3 Ke4 61. Bg5 d4 62. Bf6 Ke3 63. Bg5+ Ke2 64. Kc1 d3 65. Bd2 Kf3 66. Bg5 Ke2 67. Bd2 Bb5 68. Bg5 Kf3 69. Kd2 Ke4 70. Be7 Kd4 71. Bd6 Ke4 72. Be7 Ke5 73. Bd6+ Ke6 74. Ke3 g5 75. hxg5 h4 76. Bf4 Kf5 77. g6 d2 78. g7 d1=Q 79.
g8=N Qd3+ 80. Kf2 Qe2+ 81. Kg1 Kxf4 82. Nh6 Bc6 83. Nf7 Qg2# 0-1

[Event "*** Titled Tuesday 3|2 Blitz"]
[Site "Chess.com"]
[Date "2014.12.30"]
[Round "8"]
[White "Hafez_Bakr"]
[Black "PauloCesarCosta"]
[Result "0-1"]
[WhiteElo "1762"]
[BlackElo "2060"]
[TimeControl "180+2"]
[EndTime "12:50:12 PST"]
[Termination "PauloCesarCosta won on time"]

1. c4 c5 2. Nf3 Nc6 3. g3 g6 4.
Bg2 Bg7 5. Nc3 Nf6 6. d3 O-O 7. Be3 d5 8. Bxc5 dxc4 9. dxc4 Qa5 10. Be3 Ne4 11. Bd2 Nxd2 12. Qxd2 Be6 13. Nd5 Bxd5 14. Qxa5 Nxa5 15. cxd5 Bxb2 16. Rd1 Bc3+ 17. Kf1 Rfd8 18.
Ng5 Rac8 19. e4 h6 20. Nh3 Bf6 21. Ke2 a6 22. Rc1 b5 23. Rhd1 Nc4 24. f4 Bb2 25.
Rc2 Ba3 26. Rd3 Bb4 27. e5 a5 28. Nf2 Kg7 29. Ne4 Rb8 30. Bh3 h5 31. Ng5 Kf8 32. e6 f6 33. Nf7 Rdc8 34. Bg2 Nd6 35. Nxd6 Bxd6 36. Rdc3 Rxc3 37. Rxc3 b4 38. Rc6 a4 39.
Ra6 b3 40. axb3 axb3 41. Ra1 Bc5 42. Rb1 b2 43. Kd3 Ba3 44. Bf3 Ke8 45. Kc2 Kd8 46.
g4 hxg4 47. Bxg4 Kc7 48. h4 Kd6 49. Bf3 Rb4 50. h5 gxh5 51. Bxh5 Rxf4 52. Kb3 Rh4 53. Bf7 Rh3+ 54. Kc4 Rh4+ 55. Kb3 Rh3+ 56. Kc4 Rf3 57. Bg6 Rf4+ 58. Kb3 Rf3+ 59. Kc4 Rg3 60. Bd3 Rg4+ 61. Kb3 Rg3 62. Kxa3 Rxd3+ 63. Kxb2 Rxd5 64. Kc2 Kxe6 65. Re1+ Re5 66. Rf1 f5 67. Kd3 Kf6 68. Kd4 e6 69. Rh1 Re4+ 70. Kd3 Ke5 71. Rh6 Re1 72. Kd2 Re4 73. Kd3 Kd5 74. Kd2 e5 75. Kd3 Rd4+ 76. Ke3 f4+ 77. Kf3 Rd3+ 78. Ke2 Re3+ 79. Kf2 Ke4 80. Ra6 Rb3 81. Ra4+ Kf5 82. Ra5 Rb2+ 83. Kf3 Rc2 84. Rb5 Ra2 85. Rc5 Ra3+ 86. Kf2 Ke4 87. Rc4+ Kd5 88. Rb4 e4 89. Rb8 Ra2+ 90. Ke1 Kd4 91.
Rd8+ Ke3 92. Kf1 f3 93. Rd1 Rd2 94. Re1+ Kd3 95. Ra1 Rc2 96. Kg1 e3 97. Ra3+ Rc3 98. Ra1 Rc2 99. Ra3+ Kd2 100. Ra1 Rc1+ 101. Rxc1 Kxc1 0-1

[Event "*** Titled Tuesday 3|2 Blitz"]
[Site "Chess.com"]
[Date "2014.12.30"]
[Round "8"]
[White "UnPolarizing"]
[Black "Gevorg_Harutjunyan"]
[Result "1/2-1/2"]
[WhiteElo "2258"]
[BlackElo "2441"]
[TimeControl "180+2"]
[EndTime "12:50:45 PST"]
[Termination "Game drawn by 50-move rule"]

1. e4 c6 2. d4 d5 3. e5 Bf5 4. g4 Be4 5. f3 Bg6 6. Ne2 e6 7. h4 h5 8. Nf4 hxg4 9. Nxg6 fxg6 10. Bd3 Rxh4 11. Bxg6+ Kd7 12. Rg1 Ne7 13. Bg5 Qa5+ 14.
Nc3 Nxg6 15. Qd3 Nxe5 16. dxe5 Rh3 17. O-O-O Rxf3 18. Qg6 b5 19. Rxg4 b4 20. Ne4 Qxa2 21. Nf6+ Rxf6 22. exf6 Qa1+ 23. Kd2 Qxb2 24. fxg7 Qc3+ 25. Kc1 Qa1+ 26. Kd2 Qxg7 27. Qxg7+ Bxg7 28. Rxb4 Kd6 29. Bf4+ e5 30. Rb7 Nd7 31. Be3 d4 32. Bf2 Bh6+ 33. Ke2 Nc5 34. Rh7 Bf4 35. c3 Re8 36.
Kf3 Ne6 37. Rxa7 Ng5+ 38. Kg2 c5 39. cxd4 exd4 40. Bxd4 cxd4 41. Rxd4+ Ke5 42. Rxf4 Kxf4 43. Kf1 Ne4 44. Ke2 Rd8 45. Rf7+ Ke5 46. Ke3 Re8 47. Rh7 Nf6 48. Rg7 Nd5+ 49. Kd3 Ra8 50. Rg5+ Kd6 51. Rg6+ Kc5 52. Rg1 Ra3+ 53. Ke4 Re3+ 54. Kf5 Kd6 55.
Rd1 Re5+ 56. Kg4 Ke6 57. Ra1 Re4+ 58. Kg3 Ke5 59. Ra5 Rd4 60. Kf3 Kf5 61. Ke2 Ke4 62. Ra3 Nf4+ 63. Ke1 Nd5 64. Ke2 Rb4 65. Kf2 Rb2+ 66.
Kg3 Rb8 67. Ra4+ Ke5 68. Kf3 Rb3+ 69. Kf2 Nb4 70. Ra8 Nd3+ 71. Kf3 Nf4+ 72. Kg4 Ne6 73. Ra5+ Ke4 74. Ra4+ Nd4 75. Ra1 Re3 76. Ra7 Ke5 77.
Re7+ Ne6 78. Ra7 Re4+ 79. Kg3 Rc4 80. Ra5+ Nc5 81. Kf3 Rc3+ 82. Kg4 Ke4 83. Ra1 Nd3 84. Ra4+ Ke3 85. Kf5 Rc5+ 86. Kf6 Rb5 87. Ra3 Kd4 88. Ke6 Nc5+ 89. Kf5 Ne4+ 90. Ke6 Re5+ 91. Kd7 Nf6+ 92.
Kc7 Re6 93. Ra4+ Kc5 94. Ra5+ Kc4 95. Ra1 Nd5+ 96. Kd7 Rf6 97. Rc1+ Kb5 98. Rc8 Nb6+ 99. Ke7 Nd5+ 100. Kd7 Rh6 101. Rc1 Rg6 102. Rd1 Kc5 103. Rc1+ Kd4 104. Rd1+ Ke4 105. Re1+ Kf5 106. Rf1+ Nf4 107. Ra1 Rb6 108. Rd1 Ke5 109. Re1+ Kf6 110. Rd1 Rb4 111. Rf1 Ke5 112. Re1+ Kf5 113. Rf1 Rd4+ 114. Kc6 Ke6 115. Re1+ Kf6 116. Rf1 Re4 117. Kd6 Kf5 118. Rd1 Re8 119. Rh1 Rd8+ 120. Kc5 Ne6+ 121. Kc4 Rd4+ 122. Kc3 Rd6 1/2-1/2

[Event "*** Titled Tuesday 3|2 Blitz"]
[Site "Chess.com"]
[Date "2014.12.30"]
[Round "9"]
[White "gumersindo"]
[Black "jlandaw"]
[Result "0-1"]
[WhiteElo "2118"]
[BlackElo "2328"]
[TimeControl "180+2"]
[EndTime "12:54:48 PST"]
[Termination "jlandaw won by resignation"]

1. d4 d5 2. c4 c6 3. Nf3 e6 4. e3 Nf6 5. Nc3 Bd6 6. Qc2 O-O 7.
b3 Nbd7 8. Be2 Qe7 9. O-O b6 10.
Bb2 Bb7 11. Rac1 Rac8 12. Rfd1 dxc4 13. bxc4 e5 14. Bd3 Rfe8 15. Ne4 Nxe4 16. Bxe4 g6 17.
dxe5 Nxe5 18. Qc3 f6 19. Rc2 Rcd8 20. Nxe5 0-1

[Event "*** Titled Tuesday 3|2 Blitz"]
[Site "Chess.com"]
[Date "2014.12.30"]
[Round "9"]
[White "THORK"]
[Black "ItalianMachine"]
[Result "1-0"]
[WhiteElo "2215"]
[BlackElo "2162"]
[TimeControl "180+2"]
[EndTime "12:55:03 PST"]
[Termination "THORK won by resignation"]

1. d4 Nf6 2. Nc3 g6 3. e4 d6 4. Bg5 Bg7 5. Qd2 O-O 6. O-O-O Re8 7. f4 c6 8. Nf3 b5 9. e5 dxe5 10. fxe5 Nd5 11. Ne4 Bg4 12. h3 Bxf3 13. gxf3 Qb6 14. h4 h5 15. e6 f6 16. Bh6 Bh8 17. Rg1 Kh7 18. Bd3 Rg8 19. Nc5 a5 20. Rxg6 1-0

[Event "*** Titled Tuesday 3|2 Blitz"]
[Site "Chess.com"]
[Date "2014.12.30"]
[Round "9"]
[White "Imre91"]
[Black "UnPolarizing"]
[Result "0-1"]
[WhiteElo "2527"]
[BlackElo "2271"]
[TimeControl "180+2"]
[EndTime "12:56:24 PST"]
[Termination "UnPolarizing won by resignation"]

1. d4 d5 2. Nf3 Nf6 3. c4 c6 4.
Nc3 dxc4 5. a4 Bf5 6. e3 Nbd7 7.
Bxc4 e6 8. Qb3 Qb6 9. Nh4 Qxb3 10. Bxb3 Bg6 11. Bd2 Bd3 12. O-O-O Bd6 13. Be1 Bg6 14.
f3 O-O 15. Bf2 a6 16. e4 b5 17. Nxg6 hxg6 18. e5 Nxe5 19. dxe5 Bxe5 20. Bg3 Bxg3 21. hxg3 Rfd8 22. Rxd8+ Rxd8 23. Kc2 Kf8 24. axb5 cxb5 25. Ra1 Rd6 26. g4 Ke7 27. g5 Nd7 28. Ne4 Rb6 29.
Kc3 f5 30. gxf6+ gxf6 31. Kb4 f5 32. Nc5 Nb8 33. Nxe6 a5+ 34. Kc5 Nd7+ 35. Kd4 a4 36. Bd5 Rd6 37. Re1 Nf6 38. Nf4+ Kd7 39. Ke5 Nxd5 0-1

[Event "*** Titled Tuesday 3|2 Blitz"]
[Site "Chess.com"]
[Date "2014.12.30"]
[Round "9"]
[White "crisfoisor"]
[Black "bsmail"]
[Result "1-0"]
[WhiteElo "2148"]
[BlackElo "2124"]
[TimeControl "180+2"]
[EndTime "12:57:07 PST"]
[Termination "crisfoisor won by resignation"]

1. e4 c5 2. d4 cxd4 3. c3 g6 4.
cxd4 d5 5. e5 Nc6 6. Nc3 Bg7 7. f4 Nh6 8. Be2 O-O 9. h3 f6 10. Nf3 fxe5 11. fxe5 Nf5 12. O-O Ng3 13. Rf2 Nxe2+ 14. Nxe2 Bf5 15. Bg5 Be4 16. Qb3 Bxf3 17. Rxf3 Rxf3 18. Qxf3 Qd7 19. Rf1 Rf8 20. Qg4 Rxf1+ 21.
Kxf1 Qxg4 22. hxg4 e6 23. Kf2 Kf7 24. Ke3 Bf8 25.
a3 b5 26. Kd3 a5 27. Nc3 b4 28. Nb5 a4 29. Bd2 b3 30. Nc3 Na5 31. Nxa4 Nc4 32. Bc1 h5 33. gxh5 gxh5 34. Kc3 Kg6 35. Kxb3 Kf5 36. Kc3 Kg4 37. Nc5 Kg3 38. Nxe6 Be7 39. Nf4 h4 40. Nxd5 Bd8 41. e6 Kxg2 42. Bf4 Kf3 43.
Kxc4 h3 44. Bb8 1-0

[Event "*** Titled Tuesday 3|2 Blitz"]
[Site "Chess.com"]
[Date "2014.12.30"]
[Round "9"]
[White "PauloCesarCosta"]
[Black "vinceyoung15"]
[Result "0-1"]
[WhiteElo "2048"]
[BlackElo "1993"]
[TimeControl "180+2"]
[EndTime "12:57:19 PST"]
[Termination "vinceyoung15 won on time"]

1. d4 e5 2. dxe5 f6 3. exf6 Nxf6 4. Nf3 Bc5 5. e3 O-O 6. Nc3 d5 7. Be2 c6 8. O-O Bd6 9. b3 Qe8 10. a4 Bg4 11. Bb2 Qh5 12. g3 Nbd7 13. Nd4 Qh3 14. f3 Bxg3 15. hxg3 Qxg3+ 16. Kh1 Bh3 17. Rg1 Qh4 18.
Qe1 Qh6 19. Qg3 Rae8 20. Qh2 Qxe3 21. Qxh3 Qxd4 22. Qg3 Nh5 23. Qg4 Rf4 24. Qg5 Qf2 25.
Qxg7+ Nxg7 26. Rxg7+ Kf8 0-1

[Event "*** Titled Tuesday 3|2 Blitz"]
[Site "Chess.com"]
[Date "2014.12.30"]
[Round "9"]
[White "LuckyTiger"]
[Black "Tilicheev_Viacheslav"]
[Result "1-0"]
[WhiteElo "2533"]
[BlackElo "2397"]
[TimeControl "180+2"]
[EndTime "12:58:01 PST"]
[Termination "LuckyTiger won by resignation"]

1. e4 c5 2. c3 Nf6 3. e5 Nd5 4. d4 cxd4 5. Nf3 Nc6 6. cxd4 d6 7.
Bc4 Nb6 8. Bb5 dxe5 9. Nxe5 Bd7 10. Bxc6 Bxc6 11. O-O e6 12. Nc3 Bd5 13. a4 a5 14.
Qe2 Bc6 15. Ne4 Bxe4 16. Qxe4 Qd5 17. Qg4 g6 18. Qf4 f5 19. h4 Bg7 20. h5 gxh5 21.
Ra3 O-O 22. Rg3 Kh8 23. Qg5 Bf6 24. Ng6+ Kg8 25. Qxh5 f4 26. Nxf4+ 1-0

[Event "*** Titled Tuesday 3|2 Blitz"]
[Site "Chess.com"]
[Date "2014.12.30"]
[Round "9"]
[White "ameet100"]
[Black "Irochka83"]
[Result "0-1"]
[WhiteElo "2388"]
[BlackElo "2330"]
[TimeControl "180+2"]
[EndTime "12:58:02 PST"]
[Termination "Irochka83 won by resignation"]

1. Nf3 d5 2. g3 Bg4 3. Bg2 Nd7 4.
O-O e6 5. d3 c6 6. Qe1 Bc5 7. e4 dxe4 8. dxe4 e5 9. Nbd2 Ngf6 10. Nc4 Qe7 11. Nh4 O-O 12. Ne3 Be6 13. Nef5 Qd8 14.
Bg5 Bc4 15. Rd1 Qb6 16. b3 Bxf1 17. Bxf1 g6 18. Nh6+ Kg7 19. Bc1 Rad8 20. Qd2 Nxe4 21. N6f5+ gxf5 22. Qh6+ Kh8 23. Nxf5 Rg8 24. Kg2 Bf8 25.
Qh4 Qxf2+ 26. Kh1 Qxf5 0-1

[Event "*** Titled Tuesday 3|2 Blitz"]
[Site "Chess.com"]
[Date "2014.12.30"]
[Round "9"]
[White "FairChess_on_YouTube"]
[Black "Sebastian"]
[Result "1-0"]
[WhiteElo "2708"]
[BlackElo "2533"]
[TimeControl "180+2"]
[EndTime "12:58:47 PST"]
[Termination "FairChess_on_YouTube won by resignation"]

1. e4 c5 2. Nf3 d6 3. d4 cxd4 4.
Nxd4 Nf6 5. Nc3 a6 6. h3 Nc6 7.
g4 Qb6 8. Nb3 e6 9. Be3 Qc7 10. g5 Nd7 11. f4 b5 12. Bg2 Bb7 13.
O-O Be7 14. Qg4 g6 15. Rad1 h6 16. gxh6 Rxh6 17. Qg3 Rh8 18. a4 b4 19. Nd5 exd5 20. exd5 Na5 21. Nxa5 Qxa5 22. Bd4 Bf6 23. Rde1+ Kf8 24.
Bxf6 Nxf6 25. f5 Qb6+ 26. Kh1 g5 27. Re6 Qd4 28. c3 bxc3 29. bxc3 Qh4 30. Qxd6+ Kg7 31.
Rxf6 g4 32. Rxf7+ Kxf7 33. f6 Rh7 34. Qe7+ Kg6 35. Be4+ Kg5 36. f7+ 1-0

[Event "*** Titled Tuesday 3|2 Blitz"]
[Site "Chess.com"]
[Date "2014.12.30"]
[Round "9"]
[White "chessmachined"]
[Black "kharposh"]
[Result "1-0"]
[WhiteElo "2142"]
[BlackElo "1999"]
[TimeControl "180+2"]
[EndTime "12:59:01 PST"]
[Termination "chessmachined won by checkmate"]

1. d4 g6 2. c4 Bg7 3. Nc3 b6 4.
Nf3 Bb7 5. g3 e6 6. Bg2 d6 7.
O-O Ne7 8. e4 Nd7 9. Bg5 h6 10.
Be3 O-O 11. Qd2 Kh7 12. Rad1 a6 13. a3 c6 14. h4 Qc7 15. h5 g5 16. Bh3 f5 17. exf5 exf5 18. Bxg5 hxg5 19. Nxg5+ Kg8 20. Ne6 Qc8 21. Qg5 Rf7 22. h6 Nf6 23. Nxg7 Nh7 24. Qh4 Ng6 25. Qh5 Ngf8 26. Rde1 d5 27. Bxf5 Qd8 28. c5 bxc5 29. dxc5 Qf6 30. g4 Bc8 31. Kh1 Bxf5 32. gxf5 Rb8 33. Rg1 Kh8 34. Re2 Rxb2 35.
Rxb2 Qxc3 36. Re2 Qf6 37. Re8 d4 38. Ne6 Qxf5 39. Qxf5 Rxf5 40. Nxd4 Rh5+ 41. Kg2 Rxh6 42.
Kf1 Rf6 43. Ke2 Rh6 44. f4 Rh2+ 45. Ke3 Rh3+ 46. Ke4 Nf6+ 47. Kf5 Nxe8 48. Nxc6 Rxa3 49. Ne5 Ng7+ 50. Kf6 Nh7+ 51. Kf7 Ra4 52. f5 Rb4 53. Ng6# 1-0

[Event "*** Titled Tuesday 3|2 Blitz"]
[Site "Chess.com"]
[Date "2014.12.30"]
[Round "9"]
[White "Vandros57"]
[Black "Hafez_Bakr"]
[Result "1-0"]
[WhiteElo "1849"]
[BlackElo "1756"]
[TimeControl "180+2"]
[EndTime "12:59:05 PST"]
[Termination "Vandros57 won on time"]

1. Nf3 c5 2. c4 d6 3. g3 Nc6 4. d4 Nf6 5. Bg2 cxd4 6. Nxd4 Bd7 7. O-O g6 8. Nc3 Bg7 9. Nxc6 Bxc6 10. Bxc6+ bxc6 11. e4 O-O 12. Qe2 Qd7 13. Be3 Qh3 14. f3 Rfd8 15. Qg2 Qc8 16. Rac1 Qa6 17. b3 Nd7 18.
Qd2 Ne5 19. Kg2 e6 20. Rfd1 Qb7 21. Bh6 Bh8 22. Ne2 d5 23. cxd5 cxd5 24. Qe3 dxe4 25.
Qxe4 Qa6 26. Nf4 Qxa2+ 27. Kh3 Qxb3 28. Rxd8+ Rxd8 29. Rf1 a5 30. g4 a4 31. Nh5 a3 32. Qf4 1-0

[Event "*** Titled Tuesday 3|2 Blitz"]
[Site "Chess.com"]
[Date "2014.12.30"]
[Round "9"]
[White "MartinZumsande"]
[Black "bugsbunny444"]
[Result "1-0"]
[WhiteElo "2285"]
[BlackElo "2242"]
[TimeControl "180+2"]
[EndTime "12:59:16 PST"]
[Termination "MartinZumsande won by resignation"]

1. e4 e6 2. d4 d5 3. Nc3 Nf6 4. Bg5 Bb4 5. e5 h6 6. Be3 Ne4 7. Qg4 g6 8. a3 Bxc3+ 9. bxc3 Nxc3 10.
Bd3 Qe7 11. h4 Nc6 12. h5 g5 13. Nh3 Bd7 14. O-O O-O-O 15. f4 gxf4 16. Qxf4 Rdg8 17. Qxf7 Qh4 18. Rf3 Nxd4 19. Bxd4 Qxd4+ 20. Kh1 Ne4 21. Rd1 Qxe5 22. Bxe4 Qxe4 23. Nf4 Rf8 24. Qg7 Qh7 25. Qd4 Kb8 26. Rb3 Qxc2 27. Rdb1 b6 28. Ng6 Rhg8 29.
Nxf8 Rxf8 30. Qg7 Rd8 31. Qxh6 Bc6 32. Qc1 Qxc1+ 33. Rxc1 Kb7 34. Rbc3 Rd6 35. h6 e5 36. Rxc6 1-0

[Event "*** Titled Tuesday 3|2 Blitz"]
[Site "Chess.com"]
[Date "2014.12.30"]
[Round "9"]
[White "oggy1984"]
[Black "BeerLag"]
[Result "1-0"]
[WhiteElo "2150"]
[BlackElo "2146"]
[TimeControl "180+2"]
[EndTime "12:59:37 PST"]
[Termination "oggy1984 won on time"]

1. e4 c5 2. Nf3 d6 3. d4 cxd4 4.
Nxd4 Nf6 5. Nc3 a6 6. Bc4 e6 7. O-O Qc7 8. Bb3 Nc6 9. Be3 Be7 10. Kh1 h5 11. f4 b5 12. f5 Nxd4 13. Qxd4 e5 14.
Nd5 Qb7 15. Qd3 Bd7 16. Nxe7 Kxe7 17. Bg5 Bc6 18. Rad1 Rad8 19. Rfe1 Kf8 20. Bxf6 gxf6 21. Bd5 Rg8 22. h3 Ke7 23. c4 Bxd5 24. cxd5 Rc8 25. Rc1 Qb6 26. Qd2 h4 27. b3 Rh8 28. Red1 Rhd8 29.
Qe1 Rxc1 30. Rxc1 Qd4 31. Rc7+ Rd7 32. Rc8 Rd8 33. Rxd8 Kxd8 34. Qxh4 Ke7 35. Qe1 b4 36. h4 Qc3 37. Qf2 1-0

[Event "*** Titled Tuesday 3|2 Blitz"]
[Site "Chess.com"]
[Date "2014.12.30"]
[Round "9"]
[White "GedoGluperd"]
[Black "AUSSIE_PINOY"]
[Result "1-0"]
[WhiteElo "2294"]
[BlackElo "2257"]
[TimeControl "180+2"]
[EndTime "12:59:38 PST"]
[Termination "GedoGluperd won by resignation"]

1. d4 d5 2. c4 e5 3. dxe5 d4 4. Nf3 Nc6 5. g3 Nge7 6. Bg2 Ng6 7. Nbd2 Ngxe5 8. O-O Be7 9. b3 Nxf3+ 10. Nxf3 Bf6 11.
Bb2 O-O 12. Qd2 Qe7 13. Rfe1 Rd8 14. Rad1 Bf5 15. b4 Qxb4 16. Qxb4 Nxb4 17. Bxd4 Bc2 18. Rd2 Bxd4 19. Nxd4 c5 20. Rxc2 Rxd4 21. Rb2 Rxc4 22. Bxb7 Rd8 23. a3 Nc2 24. Rc1 Nxa3 25. Ra1 Nc2 26.
Rxa7 Nb4 27. Bf3 g6 28. Rb3 Rc1+ 29. Kg2 Rd6 30. Re3 Kg7 31. h4 h5 32. Ree7 Rf6 33. Rec7 Nc2 34. Bd5 Ne1+ 35. Kg1 Nf3+ 36. Kg2 Rg1+ 37.
Kh3 Rh1+ 38. Kg2 Rh2+ 39. Kf1 Rh1+ 40. Kg2 Rg1+ 41. Kh3 Rh1+ 42. Kg2 Rh2+ 43. Kf1 Nd2+ 44. Ke1 Rfxf2 45. Rxf7+ Rxf7 46. Rxf7+ Kh6 47. Kxd2 1-0

[Event "*** Titled Tuesday 3|2 Blitz"]
[Site "Chess.com"]
[Date "2014.12.30"]
[Round "9"]
[White "Gevorg_Harutjunyan"]
[Black "VSERGUEI"]
[Result "0-1"]
[WhiteElo "2432"]
[BlackElo "2443"]
[TimeControl "180+2"]
[EndTime "12:59:40 PST"]
[Termination "VSERGUEI won on time"]

1. Nf3 d5 2. g3 c6 3. Bg2 Bf5 4. O-O e6 5. b3 Nf6 6. Bb2 a5 7. a3 Bd6 8. d3 O-O 9. Nbd2 h6 10. c4 Bh7 11. Qc2 Qe7 12. Ra2 Nbd7 13. Qb1 Rfc8 14. Qa1 b5 15. Nd4 bxc4 16. bxc4 Nc5 17.
Qd1 e5 18. N4b3 Nxb3 19. Qxb3 a4 20. Qc2 d4 21. Bc1 Nd7 22. Ne4 Bxe4 23. Bxe4 Nc5 24. Bf5 Rcb8 25. e3 Nb3 26. Bb2 Bc5 27. Qe2 g6 28. Be4 Qd6 29. Kh1 Ra7 30. f4 exf4 31. Rxf4 dxe3 32. Rf6 Nd4 33. Rxd6 Nxe2 34. Rxc6 Bd4 35.
Ba1 Rb1+ 36. Kg2 Rxa1 37. Rxe2 Rxa3 38. Rc8+ Kg7 39. c5 Rc3 40. c6 a3 41. Ra2 Rb3 42.
Bd5 Rb2+ 43. Kf3 Rf2+ 44. Rxf2 exf2 45. Kg2 a2 46. Bxa2 Rxa2 47. c7 Ra1 48. Rg8+ Kxg8 49.
c8=Q+ Kg7 0-1

[Event "*** Titled Tuesday 3|2 Blitz"]
[Site "Chess.com"]
[Date "2014.12.30"]
[Round "9"]
[White "FlySooHigh"]
[Black "DanielRensch"]
[Result "1-0"]
[WhiteElo "2376"]
[BlackElo "2341"]
[TimeControl "180+2"]
[EndTime "12:59:50 PST"]
[Termination "FlySooHigh won by resignation"]

1. e4 c5 2. Nf3 d6 3. Nc3 Nf6 4.
e5 dxe5 5. Nxe5 Nbd7 6. d4 e6 7. Bf4 a6 8. Be2 cxd4 9. Qxd4 Bc5 10. Qa4 O-O 11. O-O-O Qe7 12. Bf3 Ra7 13. Qc4 b5 14. Qe2 Nxe5 15. Bxe5 Bb7 16. Kb1 Bxf3 17. Qxf3 Rc8 18.
Qg3 Ne8 19. Rhe1 Rd7 20. Ne4 Rcd8 21. Rxd7 Qxd7 22. a3 Bf8 23. f4 Qe7 24. Bc3 f6 25. Qe3 Qf7 26. Qb6 Rd5 27. Qxa6 h5 28. Qc6 h4 29.
Nf2 Nc7 30. Nd3 Rd6 31. Qe4 Nd5 32. Bd2 Rc6 33. g3 Qc7 34. c3 hxg3 35. hxg3 Kf7 36. f5 e5 37. Qxd5+ Ke7 38. Be3 Ke8 39. Qxb5 Qd7 40.
Nb4 Rc7 41. Qxd7+ Rxd7 42. Kc2 1-0

[Event "*** Titled Tuesday 3|2 Blitz"]
[Site "Chess.com"]
[Date "2014.12.30"]
[Round "9"]
[White "AlmirDzhumaev"]
[Black "AlexanderL"]
[Result "0-1"]
[WhiteElo "2095"]
[BlackElo "2413"]
[TimeControl "180+2"]
[EndTime "13:00:16 PST"]
[Termination "AlexanderL won by resignation"]

1. e4 e6 2. d4 d5 3. exd5 exd5 4.
Bd3 Nf6 5. Bg5 Be7 6. Nf3 O-O 7. O-O Bg4 8. h3 Bh5 9. Nbd2 c6 10. c3 Nbd7 11. Re1 Re8 12. Nf1 Bg6 13. Ng3 Bxd3 14.
Qxd3 h6 15. Bd2 Bf8 16. Re3 Rxe3 17. Qxe3 Qb6 18. b3 Re8 19. Qd3 Ne4 20. Re1 Ndf6 21.
Ne5 Bd6 22. f4 Bxe5 23. fxe5 Rxe5 24. Bf4 Re6 25. Nf5 c5 26. Kh2 cxd4 27. Nxd4 Re8 28.
Rf1 Qc5 29. Rf3 a6 30. Nf5 Nh5 31. Bc1 Qc7+ 32. Kg1 Qe5 33. g4 Nhf6 34. Bf4 Qe6 35. Nd4 Qb6 36. Kg2 Rc8 37. Ne2 Qa5 38. a4 Nc5 39.
Qf5 Re8 40. Nd4 Nce4 41. Be5 Qd8 42. Qf4 Qe7 43. Bc7 Ng5 44. Rf2 Ne6 45. Nxe6 Qxe6 46. Bb6 Qxb6 47. b4 Qe3 48. Qf5 Qe4+ 49. Qxe4 Nxe4 50.
Rf3 Rc8 51. Rd3 Rxc3 52. Rxd5 Rg3+ 53. Kh2 Ra3 54. Rd7 Rxa4 55. Rxb7 Ra2+ 56. Kg1 g6 57. b5 axb5 58. Rxb5 Ng5 59. Rb3 Kg7 60. Re3 Ne6 61. Rf3 g5 62. Re3 Nf4 63. Rf3 Kg6 64. Re3 f6 65. Rb3 h5 66. Rf3 hxg4 67. hxg4 Rg2+ 0-1

[Event "*** Titled Tuesday 3|2 Blitz"]
[Site "Chess.com"]
[Date "2014.12.30"]
[Round "9"]
[White "DrHolmes13"]
[Black "pKiLz5Rn9b"]
[Result "1-0"]
[WhiteElo "2220"]
[BlackElo "2170"]
[TimeControl "180+2"]
[EndTime "13:00:58 PST"]
[Termination "DrHolmes13 won by resignation"]

1. Nf3 Nf6 2. g3 e6 3. Bg2 d5 4.
d4 Be7 5. c4 O-O 6. Nc3 b6 7. O-O Bb7 8. Ne5 Na6 9. Bf4 c5 10. Rc1 Ne4 11. Nxe4 dxe4 12. dxc5 Nxc5 13. b4 Na6 14. a3 f6 15. Ng4 e5 16. Bd2 Qc7 17. Qb3 Rad8 18. Rfd1 Kh8 19. Ne3 Qb8 20.
Nd5 Bxd5 21. cxd5 f5 22. Bc3 Bd6 23. e3 Nc7 24. Bb2 Qb7 25. Rc6 Rf6 26. Rdc1 Ne8 27. Qc3 Rf7 28. Rc8 Rfd7 29. Rxd8 Rxd8 30. Qc6 Qxc6 31. dxc6 Bc7 32. Bc3 Nf6 33. Bh3 g6 34.
Bf1 Nd5 35. Bb2 Kg7 36. Rd1 Kf6 37. Bc4 Ne7 38. Rxd8 Bxd8 39. b5 Bc7 40. a4 Nc8 41.
Ba3 Bd6 42. Bb2 Bc5 43. Kf1 Nd6 44. Bd5 Ne8 45. Ke2 Nc7 46. Bg8 h6 47. Bc4 Bd6 48. Kd2 g5 49. Kc2 Ne6 50. Bxe6 Kxe6 51. Kb3 Kd5 52. Ba3 Bc7 53. Be7 f4 54. Kb4 Ke6 55. Bf8 h5 56. Kc4 Kf7 57. Bb4 Ke6 58. Bd2 Bd6 59. a5 Bc7 60. axb6 axb6 61. Bb4 Bd8 62. Bf8 Bc7 63. Bh6 Kf6 64. Kd5 Kf5 65. Bf8 Kg4 66.
Bd6 Bd8 67. Ke6 Kf3 68. gxf4 gxf4 69. Kd7 fxe3 70. fxe3 Kxe3 71. Bxe5 Kd3 72. Kxd8 e3 73. c7 e2 74. Bg3 1-0